 Dungeon Sprint DCSS version 0.30-a0-465-g8901f6c8b5 (webtiles) character file.

Game seed: 13152955598112738069

551 rocky1 the Spear-Bearer (level 7, 0/63 HPs)
             Began as a Minotaur Fighter on Dec 19, 2022.
             Was an Initiate of Gozag.
             Slain by a fire elemental (7 damage)
             ... summoned by a deep elf pyromancer
             ... in the Dungeon (Sprint III: "The Ten Rune Challenge").
             The game lasted 00:03:02 (852 turns).

rocky1 the Spear-Bearer (Minotaur Fighter)           Turns: 852, Time: 00:03:03

Health: 0/63       AC:  6    Str: 23    XL:     7   Next: 7%
Magic:  6/6        EV:  9    Int:  5    God:    Gozag
Gold:   438        SH:  6    Dex:  9    Spells: 6/6 levels left

rFire   . . .      SeeInvis .    a - +0 trident
rCold   . . .      Faith    .    c - +0 buckler
rNeg    . . .      Spirit   .    b - +0 scale mail
rPois   .          Reflect  .    (helmet restricted)
rElec   .          Harm     .    (no cloak)
rCorr   .          Rampage  .    (no gloves)
Will    .....      NoTele   +    (no boots)
Stlth   ..........               (no amulet)
HPRegen 0.30/turn                (no ring)
MPRegen 0.10/turn                (no ring)

@: no status effects
A: horns 2, retaliatory headbutt
a: Renounce Religion, Potion Petition, Call Merchant, Bribe Branch


You were in the Dungeon.
You worshipped Gozag.
Gozag was aware of your devotion.
You visited 1 branch You collected 438 gold pieces.

Inventory:

Hand Weapons
 a - a +0 trident (weapon)
Armour
 b - a +0 scale mail (worn)
 c - a +0 buckler (worn)
Jewellery
 k - an amulet of faith
Scrolls
 m - a scroll of poison {unknown}
 n - a scroll of brand weapon {unknown}
 p - a scroll of immolation {unknown}
 q - a scroll of identify {unknown}
Potions
 d - a potion of might
 g - 2 potions of haste
 h - 2 potions of magic
 l - 3 potions of mutation {unknown}
 o - 4 potions of flight
Miscellaneous
 f - a box of beasts


   Skills:
 + Level 6.1 Fighting
 * Level 14.2 Polearms
 - Level 3.6 Armour
 + Level 10.8 Shields


You had 6 spell levels left.
You didn't know any spells.
Your spell library contained the following spells:

 Spells                   Type           Power      Damage    Failure   Level
 Magic Dart               Conj           0%         1d3       85%         1
 Call Imp                 Summ           0%         N/A       94%         2
 Mephitic Cloud           Conj/Pois/Air  0%         N/A       99%         3


Dungeon Overview and Level Annotations

Branches:
Dungeon (1/1)

Altars:
Cheibriados
Dithmenos
Elyvilon
Fedhas
Gozag
Hepliaklqana
Kikubaaqudgha
Makhleb
Nemelex Xobeh
Qazlal
Ru
Sif Muna
Vehumet
Xom
Yredelemnul
Zin
The Shining One
Jiyva
Lugonu


Innate Abilities, Weirdness & Mutations

You have a pair of horns on your head.
You reflexively headbutt those who attack you in melee.


Message History

You block the fire elemental's attack.
There is an open door to the Ecumenical Temple here.
The fire elemental hits you. The fire elemental burns you!
The fire elemental barely misses you. You furiously retaliate!
You headbutt the fire elemental! The fire elemental hits you.
The fire elemental burns you! The fire elemental hits you.
The fire elemental burns you! The fire elemental hits you.
The fire elemental burns you! The fire elemental hits you.
The fire elemental burns you!
* * * LOW HITPOINT WARNING * * *
Okay, then.
Okay, then.
Unknown command.
Blink to where?
Press: ? - help, Dir - move target, p - deep elf pyromancer
As you read the scroll of blinking, it crumbles to dust.
The deep elf pyromancer casts a spell.
Unknown command.
You feel better.
The fire elemental disappears in a puff of smoke!
The deep elf pyromancer barely misses you.
The fire elemental barely misses you.
You hit the deep elf pyromancer.
Your headbutt misses the deep elf pyromancer.
The deep elf pyromancer is lightly wounded.
The deep elf pyromancer hits you with a +0 long sword of holy wrath!
* * * LOW HITPOINT WARNING * * *
You block the fire elemental's attack. The fire elemental barely misses you.
Unknown command.
You hit the deep elf pyromancer but do no damage.
The deep elf pyromancer is lightly wounded.
Unknown command.
You closely miss the deep elf pyromancer.
Your headbutt misses the deep elf pyromancer.
The deep elf pyromancer is lightly wounded.
The fire elemental barely misses you. The fire elemental hits you.
* * * LOW HITPOINT WARNING * * *
The fire elemental burns you!
You die...
Your body crumbles into a pile of gold.

▓#'####....♣.♣ ♣.#!☼○# #)_#
▓.†...#....~.♣♣♣♣.###'#+###'##
▓.....#...~~....♣.#..........#
▓.....#..~~~~♣.♣♣.'.⌠........#
▓####†#..~≈≈~~~♣♣.#...######'#
▓[...)#.~~≈~~~....#.⌠.#__#...#
▓.....#.~≈~~~.....#...#__#...#
▓.....#.§§§.EE....#)###__#...#
▓'#####°°○○Ee@....#.).#__#...+
▓......°..........#___#__'...#
▓▓▓▓▓▓▓▓▓▓▓▓▓▓▓▓▓▓▓▓▓▓▓▓▓▓▓▓▓▓
$


You could see a deep elf pyromancer and 3 fire elementals.

Vanquished Creatures
  A shadow (D)
  A spatial vortex (D)
  A necrophage (D)
  A water elemental (D)
  A jelly (D)
  Jessica (D)
  A necromancer (D)
  A wizard (D)
  A kobold demonologist (D)
  A human (D)
  A phantom (D)
  An endoplasm (D)
  2 rats (D)
14 creatures vanquished.

Notes
Turn   | Place    | Note
-------+----------+-------------------------------------------
     0 | D        | rocky1 the Minotaur Fighter began the quest for the Orb.
     0 | D        | Reached XP level 1. HP: 19/19 MP: 0/0
     7 | D        | Reached skill level 3 in Polearms
    34 | D        | Noticed Jessica
    43 | D        | Killed Jessica
    44 | D        | Reached skill level 6 in Polearms
    44 | D        | Reached skill level 5 in Shields
    44 | D        | Reached XP level 2. HP: 17/26 MP: 1/1
    44 | D        | Reached XP level 3. HP: 20/31 MP: 2/2
   164 | D        | Reached skill level 7 in Polearms
   248 | D        | Noticed a water elemental
   253 | D        | Killed a water elemental
   254 | D        | Reached skill level 9 in Polearms
   254 | D        | Reached XP level 4. HP: 39/39 MP: 3/3
   362 | D        | Reached skill level 10 in Polearms
   362 | D        | Reached XP level 5. HP: 35/45 MP: 4/4
   399 | D        | Noticed a shadow
   412 | D        | Killed a shadow
   413 | D        | Reached skill level 12 in Polearms
   413 | D        | Reached XP level 6. HP: 26/51 MP: 5/5
   508 | D        | Found a blossoming altar of Fedhas.
   508 | D        | Found a stormy altar of Qazlal.
   508 | D        | Found a snail-covered altar of Cheibriados.
   508 | D        | Found a burning altar of Makhleb.
   508 | D        | Found a shimmering altar of Xom.
   509 | D        | Found a hazy altar of Hepliaklqana.
   509 | D        | Found an opulent altar of Gozag.
   509 | D        | Found a sparkling altar of Nemelex Xobeh.
   509 | D        | Found a corrupted altar of Lugonu.
   509 | D        | Found a viscous altar of Jiyva.
   509 | D        | Noticed a spatial vortex
   513 | D        | Became a worshipper of Gozag Ym Sagoz the Greedy
   526 | D        | Killed a spatial vortex
   527 | D        | Reached skill level 5 in Fighting
   527 | D        | Reached skill level 13 in Polearms
   527 | D        | Reached skill level 10 in Shields
   673 | D        | Found a basalt altar of Yredelemnul.
   673 | D        | Found a shadowy altar of Dithmenos.
   673 | D        | Found a sacrificial altar of Ru.
   682 | D        | Reached skill level 14 in Polearms
   791 | D        | Found a radiant altar of Vehumet.
   791 | D        | Found a shimmering blue altar of Sif Muna.
   791 | D        | Found an ancient bone altar of Kikubaaqudgha.
   794 | D        | Reached XP level 7. HP: 63/63 MP: 6/6
   796 | D        | Noticed a chaos spawn
   829 | D        | Found a glowing silver altar of Zin.
   829 | D        | Found a glowing golden altar of the Shining One.
   829 | D        | Found a white marble altar of Elyvilon.
   830 | D        | Noticed a deep elf pyromancer
   831 | D        | Noticed a fire elemental
   831 | D        | Noticed a fire elemental
   849 | D        | Noticed a fire elemental
   849 | D        | Noticed a fire elemental
   852 | D        | Slain by a fire elemental

Illustrated notes

Levels and vault maps discovered:
D:        dungeon_sprint_mu [sprint_mu_entry_forest, sprint_mu_temple_rooms,
          sprint_mu_d1_spiders, sprint_mu_d2_genie, sprint_mu_d3_branching,
          sprint_mu_orc_legion, sprint_mu_elf_gauntlet, sprint_mu_hive_nellie,
          sprint_mu_lair_fedhas, sprint_mu_vaults_butterflies,
          sprint_mu_slime_circle, sprint_mu_shoals_kraken,
          sprint_mu_snake_twists, sprint_mu_blade_basic, sprint_mu_crypt_lich,
          sprint_mu_tomb_spiral, sprint_mu_vestibule_basic,
          sprint_mu_gehenna_hellfire, sprint_mu_dis_giant,
          sprint_mu_tartarus_statrot, sprint_mu_cocytus_islands, sprint_mu_zot1]

Skill      XL: |  1  2  3  4  5  6 |
---------------+-------------------+-----
Polearms       | 6 9 10 12 14 | 14.2
Shields        | 5 7 9 10 | 10.8
Fighting       | 6 |  6.1
Armour         | |  3.6

Action                   |  1- 3 |  4- 6 |  7- 9 || total
-------------------------+-------+-------+-------++-------
Melee: Trident           |    42 |    35 |    11 ||    88
       Headbutt          |     5 |     8 |     3 ||    16
  Use: Potion            |     1 |     1 |     1 ||     3
       Scroll            |       |       |     1 ||     1
Armor: Scale mail        |     6 |     5 |     5 ||    16
Dodge: Dodged            |     7 |     2 |     6 ||    15
Block: Buckler           |     8 |     4 |     2 ||    14

Table legend: (Time is in decaauts)
 A = Elapsed time spent in this place.
 B = Non-inter-level travel time spent in this place.
 C = Inter-level travel time spent in this place.
 D = Time resting spent in this place.
 E = Time spent auto-exploring this place.
 F = Levels seen in this place.
 G = Mean time per level.
                   A        B        C        D        E       F      G
               +--------+--------+--------+--------+--------+-----+--------+
         Total |    848 |    848 |      0 |    574 |      4 |   1 |  848.0 |
       Dungeon |    848 |    848 |      0 |    574 |      4 |   1 |  848.0 |
               +--------+--------+--------+--------+--------+-----+--------+

Top non-repeatable levels by time:
       D: 848 daAuts
